 Dungeon Crawl Stone Soup version 0.31-a0-408-gb642c7f9a3 (webtiles) character file.

Game seed: 12465521409328458804

735 drugrobin the Chopper (level 7, 0/56 HPs)
             Began as a Demigod Delver on July 30, 2023.
             Slain by an orc
             ... wielding a +0 hand axe
              (2 damage)
             ... on level 5 of the Dungeon.
             The game lasted 00:09:57 (3651 turns).

drugrobin the Chopper (Demigod Delver)              Turns: 3651, Time: 00:09:58

Health: 0/56       AC:  8    Str: 18    XL:     7   Next: 21%
Magic:  9/9        EV: 14    Int: 18    God:
Gold:   236        SH:  4    Dex: 15    Spells: 6/6 levels left

rFire   . . .        c - +11 falchion of the Scavenger {flame, +Blink Stlth+}
rCold   . . .        j - +0 buckler
rNeg    . . .        w - +2 scale mail of Leluprapt {Str-3 Int+6}
rPois   .            (no helmet)
rElec   .            (no cloak)
rCorr   .            (no gloves)
SInv    .            (no boots)
Will    .....        o - amulet of magic regeneration
Stlth   ++           t - +5 ring of evasion
HPRegen 0.29/turn    (no ring)
MPRegen 0.51/turn

%: no passive effects
@: no status effects
A: high MP 1, forlorn, divine attributes
a: Evoke Blink


You were on level 5 of the Dungeon.
You visited 1 branch of the dungeon, and saw 5 of its levels.

You collected 236 gold pieces.

Inventory:

Hand Weapons
 a - a +0 hand axe
 b - a +1 dagger of venom
 c - the +11 falchion of the Scavenger (weapon) {flame, +Blink Stlth+}
   (You found it on level 3 of the Dungeon)

   +Blink:    It lets you blink.
   Stlth:     It makes you more stealthy.
 d - a +0 war axe
Missiles
 m - 7 poisoned darts
 r - a throwing net
 u - 2 boomerangs
Armour
 i - a +0 leather armour
 j - a +0 buckler (worn)
 n - the +0 robe of Yfyatoq {+Blink rC- Dex+10 Slay+2}
   (You found it on level 2 of the Dungeon)

   Dex:       It affects your dexterity (+10).
   Slay:      It affects your accuracy & damage with ranged weapons and melee
   (+2).
   rC:        It makes you vulnerable to cold.
   +Blink:    It lets you blink.
 w - the +2 scale mail of Leluprapt (worn) {Str-3 Int+6}
   (You found it on level 3 of the Dungeon)

   Str:       It affects your strength (-3).
   Int:       It affects your intelligence (+6).
Jewellery
 o - an amulet of magic regeneration (around neck)
 t - a +5 ring of evasion (left hand)
Wands
 g - a wand of digging (3)
 q - a wand of iceblast (6)
Scrolls
 l - 3 scrolls of noise {unknown}
 p - a scroll of fog
 s - a scroll of immolation {unknown}
 x - a scroll of identify {unknown}
Potions
 e - a potion of resistance {unknown}
 f - 3 potions of haste
 h - 4 potions of curing {unknown}
 k - a potion of heal wounds {unknown}
 v - a potion of cancellation {unknown}
 z - a potion of lignification {unknown}


   Skills:
 - Level 2.6 Fighting
 + Level 7.8 Axes
 - Level 1.7 Dodging
 - Level 4.5 Stealth


You had 6 spell levels left.
You didn't know any spells.
Your spell library contained the following spells:

 Spells                   Type           Power      Damage    Failure   Level
 Frozen Ramparts          Ice            0%         1d1       96%         3
 Petrify                  Tmut/Erth      0%         N/A       100%        4
 Metabolic Englaciation   Hex/Ice        0%         N/A       100%        5


Dungeon Overview and Level Annotations

Branches:
Dungeon (5/15)
 Temple: D:4-7

Annotations:
D:4 1 runed translucent door, Shayle's ghost, novice GnSh


Innate Abilities, Weirdness & Mutations

You have an increased reservoir of magic. (+10% MP)
You shall have no god before yourself.
Your divine heritage dramatically boosts your attributes as you level up.


Message History

The orc priest hits you with a +0 short sword.
You barely miss the orc priest.
The orc priest is severely wounded.
You feel sick. You block the orc's attack.
The orc priest invokes the aid of Beogh against you.
Beogh smites you!
* * * LOW HITPOINT WARNING * * *
Unknown command.
Unknown command.
You closely miss the orc priest.
The orc priest is severely wounded.
You feel sick.
You are no longer poisoned.
The orc closely misses you.
The orc priest hits you but does no damage.
You block the orc priest's attack. The orc closely misses you.
Unknown command.
You hit the orc priest. You burn the orc priest.
The orc priest is almost dead.
The orc misses you.
The orc priest invokes the aid of Beogh against you.
Pain shoots through your body!
* * * LOW HITPOINT WARNING * * *
Unknown command.
Unknown command.
Unknown command.
Unknown command.
Unknown command.
Okay, then.
You closely miss the orc priest.
The orc priest is almost dead.
The orc closely misses you. The orc priest misses you.
Unknown command.
Unknown command.
You slash the orc priest! You burn the orc priest.
You kill the orc priest!
The orc hits you with a +0 hand axe.
* * * LOW HITPOINT WARNING * * *
The orc hits you with a +0 hand axe.
You die...

###.#..#################,*,**,,,,
....>..######...........,*,******
######.######...........,*,******
.......######...........,*,,,,,,,
####....................,********
####....................,,,,,,,,,
####....................*********
................))......+,,*
.....#..........@.......**,******
.....########...o.......**,*,,,,,
.....########...........**,*,***,
.....####.###...........**,*,* *,
.....##...# #...........**,*,* *,
.....##.#.# ############**,*,* *,
.....##.#.# *,*,* ** ......#.#.#
*,*,* ......#.#.# *,*,*


You could see an orc.

Vanquished Creatures
  A sky beast (D:4)
  An ogre (D:4)
  A kobold brigand (D:5)
  A scorpion (D:3)
  A jelly (D:5)
  2 hounds
  3 orc priests
  2 sleepcaps
  An iguana (D:4)
  2 adders (D:3)
  7 gnolls
  A white imp (D:4)
  A worm (D:4)
  A dart slug (D:1)
  13 orcs
  5 ball pythons
  6 bats
  6 endoplasms
  2 giant cockroaches (D:3)
  7 goblins
  11 hobgoblins
  5 jackals
  5 quokkas
  5 frilled lizards
  12 kobolds
  3 rats
105 creatures vanquished.

Notes
Turn   | Place    | Note
-------+----------+-------------------------------------------
     0 | D:5      | drugrobin the Demigod Delver began the quest for the Orb.
     0 | D:5      | Reached XP level 1. HP: 18/18 MP: 3/3
     7 | D:5      | Noticed a hound
    34 | D:4      | Noticed an orc priest
    60 | D:4      | Found a runed translucent door.
    60 | D:4      | Noticed Shayle's ghost (novice GnSh)
   112 | D:3      | Identified the +2 scale mail of Leluprapt {Str-3 Int+6}
   123 | D:3      | Reached skill level 2 in Axes
   173 | D:3      | Reached XP level 2. HP: 25/25 MP: 4/4
   306 | D:3      | Reached skill level 3 in Axes
   328 | D:3      | Noticed a scorpion
   418 | D:1      | Reached XP level 3. HP: 30/30 MP: 5/5
  1619 | D:2      | Identified the +0 robe of Yfyatoq {+Blink rC- Dex+10
                  | Slay+2}
  1742 | D:2      | Reached skill level 4 in Axes
  2087 | D:3      | Killed a scorpion
  2088 | D:3      | Reached XP level 4. HP: 32/37 MP: 6/6
  2190 | D:3      | Identified the +11 falchion of the Scavenger {flame, +Blink
                  | Stlth+}
  2570 | D:4      | Reached skill level 5 in Axes
  2589 | D:4      | Reached XP level 5. HP: 42/42 MP: 7/7
  2712 | D:4      | Noticed an ogre
  2721 | D:4      | Killed an ogre
  2722 | D:4      | Reached skill level 6 in Axes
  2834 | D:4      | Reached XP level 6. HP: 32/50 MP: 8/8
  3325 | D:4      | Reached skill level 7 in Axes
  3494 | D:5      | Reached XP level 7. HP: 53/56 MP: 9/9
  3651 | D:5      | HP: 2/56 [orc/+0 hand axe (2)]
  3651 | D:5      | Slain by an orc

Illustrated notes

Levels and vault maps discovered:
D:1:      saegor_arrival_simple_e, layout_basic
D:2:      layout_basic, basic_altar
D:3:      layout_rooms
D:4:      layout_loops_ring, gammafunk_ghost_grave, minmay_manual_mess
D:5:      layout_basic, st_stairs_10

Skill      XL: |  1  2  3  4  5  6 |
---------------+-------------------+-----
Axes           | 2 3 4 5 6 7 |  7.8
Fighting       | |  2.6
Dodging        | |  1.7
Stealth        | |  4.5

Action                     |  1- 3 |  4- 6 |  7- 9 || total
---------------------------+-------+-------+-------++-------
  Melee: Hand axe          |    87 |    25 |       ||   112
         Dagger            |    61 |       |       ||    61
         Falchion          |       |    80 |    16 ||    96
  Throw: Dart              |       |     2 |       ||     2
    Use: Scroll            |     2 |       |       ||     2
   Stab: Sleeping          |     3 |     4 |     1 ||     8
 Armour: Scale mail        |    86 |    45 |     2 ||   133
         Leather armour    |     5 |       |       ||     5
  Dodge: Dodged            |    84 |    62 |    15 ||   161
  Block: Buckler           |    10 |    20 |     6 ||    36

Table legend: (Time is in decaauts)
 A = Elapsed time spent in this place.
 B = Non-inter-level travel time spent in this place.
 C = Inter-level travel time spent in this place.
 D = Time resting spent in this place.
 E = Time spent auto-exploring this place.
 F = Levels seen in this place.
 G = Mean time per level.
                   A        B        C        D        E       F      G
               +--------+--------+--------+--------+--------+-----+--------+
         Total |   3704 |   3539 |    165 |    166 |   2350 |   5 |  740.8 |
       Dungeon |   3704 |   3539 |    165 |    166 |   2350 |   5 |  740.8 |
               +--------+--------+--------+--------+--------+-----+--------+

Top non-repeatable levels by time:
     D:4: 1078 daAuts
     D:2: 961 daAuts
     D:1: 763 daAuts
     D:3: 629 daAuts
     D:5: 272 daAuts
